 Dungeon Crawl Stone Soup version 0.25-a0-1130-g3926558f3a (webtiles) character file.

Game seed: 9155927499885631833, levelgen mode: deterministic

401 MisterFreud the Slasher (level 6, -2/43 HPs)
             Began as an Octopode Gladiator on May 19, 2020.
             Was an Initiate of Cheibriados.
             Slain by a sky beast (6 damage)
             ... on level 5 of the Dungeon.
             The game lasted 00:06:10 (4872 turns).

MisterFreud the Slasher (Octopode Gladiator)        Turns: 4872, Time: 00:06:11

Health: -2/43      AC:  2    Str: 20    XL:     6   Next: 85%
Magic:  6/6        EV: 15    Int: 14    God:    Cheibriados [......]
Gold:   0          SH:  0    Dex: 14    Spells: 5/5 levels left

rFire    . . .     SeeInvis .   a - +0 long sword
rCold    . . .     Gourm    .   (no shield)
rNeg     . . .     Faith    .   b - +1 hat
rPois    .         Spirit   .   (no amulet)
rElec    .         Reflect  .   r - +6 ring of strength
rCorr    .         Harm     .   m - ring of flight
MR       .....                  (no ring)
Stlth    ++........             (no ring)
HPRegen  0.14/turn              (no ring)
MPRegen  0.10/turn              (no ring)
                                (no ring)
                                (no ring)

@: very slow
A: almost no armour, stealthy swim, amphibious, 8 rings, constrict 8, camouflage
1, gelatinous body 1
a: Bend Time, Renounce Religion, Evoke Flight


You were on level 5 of the Dungeon.
You worshipped Cheibriados.
Cheibriados was noncommittal.
You were not hungry.

You visited 2 branches of the dungeon, and saw 6 of its levels.

You collected 172 gold pieces.
You spent 172 gold pieces at shops.

Inventory:

Hand Weapons
 a - a +0 long sword (weapon)
Missiles
 c - 3 throwing nets (quivered)
Armour
 b - a +1 hat (worn)
Jewellery
 m - a ring of flight (right tentacle)
 r - a +6 ring of strength (left tentacle)
Wands
 t - a wand of flame (8)
Scrolls
 e - a scroll of enchant armour
 f - a scroll of amnesia
 h - 3 scrolls of teleportation
 j - a scroll of fog {unknown}
 o - 2 scrolls of magic mapping {unknown}
 q - a scroll of identify
 u - a scroll of enchant weapon {unknown}
 v - 2 scrolls of remove curse
Potions
 g - 2 potions of flight
 i - 3 potions of degeneration
 k - a potion of heal wounds
 l - 2 potions of mutation {unknown}
 n - 3 potions of lignification
 p - 4 potions of curing
Comestibles
 d - 8 rations


   Skills:
 - Level 4.0 Fighting
 - Level 6.0 Long Blades
 - Level 2.0 Throwing
 + Level 4.0 Dodging


You had 5 spell levels left.
You didn't know any spells.
Your spell library was empty.

Dungeon Overview and Level Annotations

Branches:
Dungeon (5/15)             Temple (1/1) D:4

Altars:
Cheibriados
Dithmenos
Fedhas
Hepliaklqana
Kikubaaqudgha
Ru
Uskayaw
Vehumet
Xom
Yredelemnul
Zin

Shops:
D:4 [!   D:5 }!


Innate Abilities, Weirdness & Mutations

You cannot wear most types of armour.
You are very stealthy in the water. (Stealth+)
You are amphibious.
You can wear up to eight rings at the same time.
You can use your tentacles to constrict eight enemies at once.
Your skin changes colour to match your surroundings (Stealth+).
Your rubbery body absorbs attacks. (AC +1, EV +1)


Message History

You hit the sky beast but do no damage. Your squeeze misses the sky beast.
The sky beast is severely wounded.
You completely miss the sky beast. Your squeeze misses the sky beast.
The sky beast is severely wounded.
The sky beast barely misses you.
You hit the sky beast but do no damage. Your squeeze misses the sky beast.
The sky beast is severely wounded.
The sky beast hits you.
* * * LOW HITPOINT WARNING * * *
The sky beast shocks you.
* * * LOW HITPOINT WARNING * * *
Unknown command.
Unknown command.
The sky beast misses you.
Evoke which item? (* to show all) (? for menu, Esc to quit)
Okay, then.
The sky beast hits you.
* * * LOW HITPOINT WARNING * * *
The sky beast shocks you.
You die...

###.##.### #....# #.# . #......#
#....# #.# .#.###...## #....# #.#
.#.......#.<...#....#####.#
..####.#.#.....#....#.....#
#.#....#.#.....#.# ##'########
.........#.....#.# #.........#
##..##.###.....#Y# #.........#
....##.# #.....#@###.........#
##.###.# #.....#........♣#####
##..##.###.....#.........#
#..............#.#####.♣∩♣
#....).........#'#####+..##
#............#..........♣÷#
#............#..........).#######
#............#...................
#............#............#######


You could see a sky beast.

Vanquished Creatures
  A phantom (D:5)
  An ogre (D:5)
  A bullfrog skeleton (D:5)
  A worker ant (D:5)
  4 gnolls (D:3)
  4 adders
  An ooze (D:3)
  An adder skeleton (D:4)
  5 worms
  2 leopard geckos
  7 orcs
  A ball python (D:3)
  8 bats
  4 giant cockroaches
  11 goblins
  9 hobgoblins
  2 quokkas (D:4)
  5 frilled lizards
  5 kobolds
  9 rats
82 creatures vanquished.

Notes
Turn   | Place    | Note
-------+----------+-------------------------------------------
     0 | D:1      | MisterFreud the Octopode Gladiator began the quest for the
                  | Orb.
     0 | D:1      | Reached XP level 1. HP: 14/14 MP: 1/1
   170 | D:1      | Reached XP level 2. HP: 17/20 MP: 2/2
   778 | D:2      | Found an ancient bone altar of Kikubaaqudgha.
  1017 | D:2      | Reached XP level 3. HP: 26/26 MP: 3/3
  2072 | D:3      | Reached XP level 4. HP: 31/33 MP: 4/4
  2584 | D:3      | Reached skill level 4 in Long Blades
  2696 | D:3      | Found a shimmering altar of Xom.
  2930 | D:3      | Reached XP level 5. HP: 37/37 MP: 5/5
  3123 | D:3      | Found a shadowy altar of Dithmenos.
  3322 | D:3      | Found a sacrificial altar of Ru.
  3421 | D:4      | Found Wuimuzoo's Distillery.
  3432 | D:4      | Bought a potion of heal wounds for 55 gold pieces
  3432 | D:4      | Bought a potion of lignification for 33 gold pieces
  3465 | D:4      | Found a blossoming altar of Fedhas.
  3690 | D:4      | Found a staircase to the Ecumenical Temple.
  3841 | Temple   | Entered the Ecumenical Temple
  3906 | Temple   | Became a worshipper of Cheibriados the Contemplative
  4025 | D:4      | Found a radiant altar of Vehumet.
  4132 | D:4      | Found Yterha's Antique Armour Shop.
  4248 | D:5      | Entered Level 5 of the Dungeon
  4269 | D:5      | Reached skill level 5 in Long Blades
  4536 | D:5      | Noticed a phantom
  4564 | D:5      | Killed a phantom
  4564 | D:5      | Reached XP level 6. HP: 34/43 MP: 6/6
  4630 | D:5      | Found Tutu's Gadget Emporium.
  4651 | D:5      | Reached skill level 6 in Long Blades
  4769 | D:5      | Found Puoptiaj's Distillery.
  4787 | D:5      | Bought a potion of curing for 42 gold pieces
  4787 | D:5      | Bought a potion of lignification for 42 gold pieces
  4860 | D:5      | Noticed a sky beast
  4872 | D:5      | Slain by a sky beast

Illustrated notes

Levels and vault maps discovered:
D:1:      minmay_arrival_shattered_statue, layout_rooms, st_stairs_8
D:2:      layout_basic, nicolae_overflow_crystal_walls
D:3:      layout_loops_corners, tgw_xom, lemuel_doored_altar, marbit_many_paths,
          first_ration
D:4:      layout_basic, vehumet_crystals, fedhas_altar_1,
          minmay_temple_entry_sparse_star, serial_shops, shop, shop_fountains
D:5:      layout_basic, serial_shops, nicolae_shop_crystal, nicolae_shop_trees,
          shop, shop
Temple:   minmay_temple_curvy_loop

Skill      XL: |  1  2  3  4  5  6 |
---------------+-------------------+-----
Fighting       | 3 4 |  4.0
Long Blades    | 4 5 6 |  6.0
Dodging        | 4 |  4.0
Throwing       | |  2.0

Action                   |  1- 3 |  4- 6 || total
-------------------------+-------+-------++-------
Melee: Long sword        |    58 |    95 ||   153
       Constrict         |    16 |    30 ||    46
       Tentacles         |     9 |    27 ||    36
Evoke: Wand              |       |     4 ||     4
  Use: Scroll            |       |     6 ||     6
 Stab: Sleeping          |     5 |     7 ||    12
       Distracted        |     1 |       ||     1
  Eat: Chunk             |     4 |     9 ||    13
Armor: Skin              |     1 |    12 ||    13
Dodge: Dodged            |    40 |    58 ||    98
       Rpst.: Long sword |    13 |    17 ||    30

Table legend:
 A = Non-vault XP
 B = Vault XP
 C = Vault XP percentage of total XP
 D = Non-vault monster count
 E = Vault monster count
 F = Vault count percentage of total count
                 A         B        C        D         E       F
            +---------+---------+-------+---------+---------+-------
      Total |     560 |      14 |   2.4 |      74 |       8 |   9.8
            +---------+---------+-------+---------+---------+-------
        D:1 |      24 |       1 |   4.0 |      15 |       1 |   6.2
        D:2 |      46 |       0 |   0.0 |      15 |       0 |   0.0
        D:3 |     142 |      13 |   8.4 |      29 |       7 |  19.4
        D:4 |      20 |       0 |   0.0 |       7 |       0 |   0.0
        D:5 |     328 |       0 |   0.0 |       8 |       0 |   0.0
            +---------+---------+-------+---------+---------+-------
